 Dungeon Crawl Stone Soup version 0.24-a0-335-g06ca16a (webtiles) character file.

Game seed: 9882253504764200007

75 Borgoz the Cutter (level 4, -6/30 HPs)
             Began as a Halfling Gladiator on May 18, 2019.
             Was an Initiate of Ashenzari.
             Killed from afar by Ijyb (12 damage)
             ... with a bolt of acid
             ... on level 3 of the Dungeon.
             The game lasted 00:02:11 (1479 turns).

Borgoz the Cutter (Halfling Gladiator)              Turns: 1479, Time: 00:02:12

Health: -6/30      AC:  3    Str: 15    XL:     4   Next: 55%
Magic:  4/4        EV: 13    Int:  6    God:    Ashenzari [......]
Gold:   58         SH:  0    Dex: 16    Spells: 3/3 levels left

rFire    . . .     SeeInvis .   j - +2 dagger (venom)
rCold    . . .     Gourm    .   (shield restricted)
rNeg     . . .     Faith    .   i - +0 scale mail
rPois    .         Spirit   .   c - +0 helmet
rElec    .         Reflect  .   (no cloak)
rCorr    .         Harm     .   (no gloves)
MR       .....                  (no boots)
Stlth    +.........             (no amulet)
HPRegen  0.10/turn              (no ring)
MPRegen  0.09/turn              (no ring)

@: corroded
A: small, mutation resistance 1
a: Curse Item, Renounce Religion


You were on level 3 of the Dungeon.
You worshipped Ashenzari.
Ashenzari was noncommittal.
You were not hungry.

You visited 1 branch of the dungeon, and saw 3 of its levels.

You collected 58 gold pieces.

Inventory:

Hand Weapons
 a - a +0 rapier
 j - a +2 dagger of venom (weapon)
Missiles
 d - 3 throwing nets (quivered)
Armour
 c - a +0 helmet (worn)
 i - a +0 scale mail (worn)
Scrolls
 e - 2 scrolls of remove curse
 g - a scroll of identify {unknown}
 h - a scroll of amnesia {unknown}
 k - 3 scrolls of teleportation {unknown}
Potions
 l - a potion of might {unknown}
 m - a potion of curing {unknown}
 n - a potion of flight {unknown}
Comestibles
 b - 3 chunks of flesh
 f - 4 rations


   Skills:
 + Level 2.4 Fighting
 + Level 4.4 Short Blades
 - Level 2.0 Throwing
 + Level 1.8 Armour
 - Level 3.3 Dodging
 + Level 2.0 Stealth


You had 3 spell levels left.
You didn't know any spells.
Your spell library was empty.

Dungeon Overview and Level Annotations

Branches:
Dungeon (3/15)

Altars:
Ashenzari
Fedhas
Kikubaaqudgha
Wu Jian

Annotations:
D:3 Ijyb


Innate Abilities, Weirdness & Mutations

You are small and have problems with some larger weapons.
You are somewhat resistant to further mutation.


Message History

The giant cockroach bites you but does no damage.
Ijyb zaps a wand.
The bolt of acid hits you! The acid corrodes you!
You are splashed with acid!
* * * LOW HITPOINT WARNING * * *
The bolt of acid hits the goblin!!
The goblin is splashed with acid!
The acid corrodes the goblin!
The goblin dies!
You are too injured to fight recklessly!
You are too injured to fight recklessly!
You are too injured to fight recklessly!
The giant cockroach barely misses you. The quokka barely misses you.
A frilled lizard comes into view.
Ijyb zaps a wand.
The bolt of acid hits the giant cockroach!
The giant cockroach is splashed with acid.
The acid corrodes the giant cockroach!
The giant cockroach dies!
The bolt of acid hits you!
You die...

.. .. ..###
....# ##?...
..#.# #.#.#
#.###.#@#.#.##
#....g..r......
#.###.##.......
#....<).....###
#.######.####
l# .. ##


You could see Ijyb, a quokka and a frilled lizard (wandering).

Vanquished Creatures
  2 adders (D:2)
  2 worms (D:2)
  2 dart slugs (D:2)
  A leopard gecko (D:1)
  7 bats
  A giant cockroach (D:1)
  7 goblins
  6 hobgoblins
  5 jackals
  A ball python (D:2)
  2 frilled lizards (D:2)
  3 kobolds
  4 rats
43 creatures vanquished.

Vanquished Creatures (others)
  A giant cockroach (D:3)
  A goblin (D:3)
2 creatures vanquished.

Grand Total: 45 creatures vanquished

Notes
Turn   | Place    | Note
-------+----------+-------------------------------------------
     0 | D:1      | Borgoz the Halfling Gladiator began the quest for the Orb.
     0 | D:1      | Reached XP level 1. HP: 14/14 MP: 1/1
   130 | D:1      | Found a shattered altar of Ashenzari.
   143 | D:1      | Reached XP level 2. HP: 19/19 MP: 2/2
   188 | D:1      | Became a worshipper of Ashenzari the Shackled
   264 | D:1      | Reached skill level 1 in Armour
   264 | D:1      | Reached skill level 1 in Stealth
   487 | D:1      | Reached XP level 3. HP: 21/24 MP: 3/3
   556 | D:1      | Reached skill level 4 in Short Blades
   815 | D:2      | Found an ancient bone altar of Kikubaaqudgha.
   913 | D:2      | Reached XP level 4. HP: 18/29 MP: 4/4
  1173 | D:2      | Found an ornate altar of the Wu Jian Council.
  1330 | D:2      | Found a blossoming altar of Fedhas.
  1471 | D:3      | Noticed Ijyb
  1479 | D:3      | Killed from afar by Ijyb

Levels and vault maps discovered:
D:1:      lightli_iron_boxes, layout_loops_cross, nicolae_ashenzari_panopticon
D:2:      layout_loops_ring, lemuel_doored_altar, marbit_many_paths,
          first_ration, fedhas_altar_1
D:3:      layout_loops_ring, tgw_xom, uniq_ijyb, uniq_grinder

Skill      XL: |  1  2  3  4 |
---------------+-------------+-----
Fighting       | 2 |  2.4
Armour         | 1 |  1.8
Stealth        | 1 2 |  2.0
Short Blades   | 4 |  4.4
Throwing       | |  2.0
Dodging        | |  3.3

Action                   |  1- 3 |  4- 6 || total
-------------------------+-------+-------++-------
Melee: Rapier            |    96 |       ||    96
       Dagger            |    28 |    47 ||    75
 Stab: Sleeping          |     1 |       ||     1
  Eat: Chunk             |       |     2 ||     2
Armor: Leather armour    |    26 |       ||    26
       Scale mail        |    25 |    13 ||    38
Dodge: Dodged            |   116 |    32 ||   148

Table legend:
 A = Non-vault XP
 B = Vault XP
 C = Vault XP percentage of total XP
 D = Non-vault monster count
 E = Vault monster count
 F = Vault count percentage of total count
                 A         B        C        D         E       F
            +---------+---------+-------+---------+---------+-------
      Total |     107 |       1 |   0.9 |      42 |       1 |   2.3
            +---------+---------+-------+---------+---------+-------
        D:1 |      39 |       0 |   0.0 |      22 |       0 |   0.0
        D:2 |      68 |       1 |   1.4 |      20 |       1 |   4.8
            +---------+---------+-------+---------+---------+-------
